 Dungeon Crawl Stone Soup version 0.22-a0-266-g5fdf0d7 (webtiles) character file.

733 JeffiDaFish the Firebug (level 7, -2/40 HPs)
             Began as a Tengu Fire Elementalist on Mar 8, 2018.
             Was an Initiate of Vehumet.
             Shot with an arrow by a centaur (18 damage)
             ... on level 5 of the Dungeon.
             The game lasted 00:15:12 (4383 turns).

JeffiDaFish the Firebug (Tengu Fire Elementalist)   Turns: 4383, Time: 00:15:13

Health: -2/40      AC:  5    Str:  9    XL:     7   Next: 74%
Magic:  12/14      EV: 13    Int: 17    God:    Vehumet [......]
Gold:   164        SH:  0    Dex: 14    Spells: 4/15 levels left

rFire    . . .     SeeInvis .   d - +4 falchion (holy)
rCold    . . .     Gourm    .   (no shield)
rNeg     . . .     Faith    .   a - +1 robe
rPois    .         Spirit   .   (helmet restricted)
rElec    .         Reflect  .   (no cloak)
rCorr    .         Harm     .   h - +0 pair of gloves
MR       .....     Rnd*Rage +   (boots unavailable)
Stlth    ++........             f - amulet of regeneration
HPRegen  0.93/turn              (no ring)
MPRegen  0.14/turn              (no ring)

@: no status effects
A: beak, talons 3, berserk 1, regeneration 1, shaggy fur 1, wild magic 1,
evolution 1, able to fly 1
a: Fly, Renounce Religion


You were on level 5 of the Dungeon.
You worshipped Vehumet.
Vehumet was noncommittal.
You were not hungry.

You visited 2 branches of the dungeon, and saw 6 of its levels.

You collected 164 gold pieces.

Inventory:

Hand Weapons
 d - a +4 falchion of holy wrath (weapon)
Armour
 a - a +1 robe (worn)
 h - a +0 pair of gloves (worn)
Jewellery
 f - an amulet of regeneration (around neck)
 g - an uncursed ring of protection from cold {unknown}
Scrolls
 e - a scroll of remove curse
 j - a scroll of identify
Potions
 b - 2 potions of curing
 k - a potion of haste
Comestibles
 c - 11 rations


   Skills:
 - Level 2.0 Fighting
 - Level 3.0 Dodging
 - Level 2.1 Stealth
 * Level 4.6 Spellcasting
 + Level 5.2 Conjurations
 * Level 6.1 Fire Magic


You had 4 spell levels left.
You knew the following spells:

 Your Spells              Type           Power        Failure   Level  Hunger
a - Flame Tongue          Conj/Fire      ####.        2%          1    None
b - Conjure Flame         Conj/Fire      ####....     7%          3    ###....
c - Sticky Flame          Conj/Fire      ####....     21%         4    ####...
d - Mephitic Cloud        Conj/Pois/Air  ##......     30%         3    ###....


Dungeon Overview and Level Annotations

Branches:
Dungeon (5/15)             Temple (1/1) D:4

Altars:
Ashenzari
Cheibriados
Dithmenos
Elyvilon
Fedhas
Gozag
Hepliaklqana
Kikubaaqudgha
Makhleb
Nemelex Xobeh
Okawaru
Qazlal
Ru
Sif Muna
Trog
Uskayaw
Vehumet
Wu Jian
Xom
Yredelemnul
The Shining One


Innate Abilities, Weirdness & Mutations

You have a beak for a mouth.
You have claws for feet.
You can fly.
You tend to lose your temper in combat.
Your natural rate of healing is unusually fast.
You are covered in fur. (AC +1)
Your spells are a little harder to cast, but a little more powerful.
You evolve.


Message History

You see here an arrow.
You are too injured to fight recklessly!
You are too injured to fight recklessly!
You are too injured to fight recklessly!
Casting: Sticky Flame (slightly dangerous; 21% risk of failure)
Confirm with . or Enter, or press ? or * to list all spells.
Aiming: Flame Tongue (safe; 2% risk of failure)
Press: ? - help, Shift-Dir - straight line, f - centaur
Aim: a centaur, wielding a shortbow The flame tongue hits the centaur.
The centaur is heavily wounded.
Casting: Flame Tongue (safe; 2% risk of failure)
Confirm with . or Enter, or press ? or * to list all spells.
Aiming: Flame Tongue (safe; 2% risk of failure)
Press: ? - help, Shift-Dir - straight line, f/p - centaur
Aim: a centaur, wielding a shortbow (heavily wounded)
The flame tongue hits the centaur.
The centaur is almost dead.
The centaur shoots an arrow.
The arrow hits you!!
You die...

#...# ##...# .....+ ....#
....# ###### #c..#.......
......##...#........
.......@(..#........
...........+........
........(..#........
...........#........
############+###'##........
#..........................
#..........................
#..................#######+
#..................#


You could see a centaur.

Vanquished Creatures
  The ghost of GreenOcha the Basher, a novice GrFi (D:4)
  A sky beast (D:5)
  An ogre (D:4)
  4 hounds (D:4)
  A gnoll shaman (D:2)
  4 gnolls (D:2)
  6 adders
  A worm (D:3)
  A dart slug (D:3)
  3 leopard geckos (D:4)
  7 giant cockroaches
  9 goblins
  7 hobgoblins
  A quokka (D:4)
  A ball python (D:2)
  7 bats
  4 frilled lizards
  11 kobolds
  9 rats
  A plant (D:3)
80 creatures vanquished.

Notes
Turn   | Place    | Note
-------+----------+-------------------------------------------
     0 | D:1      | JeffiDaFish the Tengu Fire Elementalist began the quest for the Orb.
     0 | D:1      | Reached XP level 1. HP: 10/10 MP: 4/4
   265 | D:1      | Reached XP level 2. HP: 15/15 MP: 3/6
   781 | D:1      | Gained mutation: You have a pair of small antennae on your head. [potion of mutation]
   781 | D:1      | Gained mutation: Your spells are a little harder to cast, but a little more powerful. [potion of mutation]
   781 | D:1      | Gained mutation: You evolve. [potion of mutation]
   781 | D:1      | Gained mutation: You are covered in fur. (AC +1) [potion of mutation]
  1005 | D:1      | Gained mutation: Your natural rate of healing is unusually fast. [evolution]
  1521 | D:2      | Reached XP level 3. HP: 19/20 MP: 1/7
  1564 | D:2      | Lost mutation: You have a pair of small antennae on your head. [evolution]
  1830 | D:2      | Reached skill level 1 in Fighting
  1830 | D:2      | Reached XP level 4. HP: 15/25 MP: 1/9
  1975 | D:2      | Reached skill level 4 in Fire Magic
  2473 | D:3      | Gained mutation: You can fly. [Tengu growth]
  2473 | D:3      | Reached XP level 5. HP: 26/29 MP: 10/10
  2973 | D:3      | Learned a level 3 spell: Conjure Flame
  2978 | D:3      | Learned a level 4 spell: Sticky Flame
  3393 | D:4      | Noticed GreenOcha's ghost (novice GrFi)
  3433 | D:4      | Reached XP level 6. HP: 35/35 MP: 10/12
  3638 | D:4      | Found a staircase to the Ecumenical Temple.
  3644 | Temple   | Entered the Ecumenical Temple
  3694 | Temple   | Became a worshipper of Vehumet
  3723 | D:4      | Gained mutation: You tend to lose your temper in combat. [evolution]
  3737 | D:4      | Killed GreenOcha's ghost
  3737 | D:4      | Reached skill level 5 in Fire Magic
  3737 | D:4      | Reached XP level 7. HP: 21/40 MP: 5/14
  3800 | D:4      | Learned a level 3 spell: Mephitic Cloud
  4066 | D:4      | Reached skill level 5 in Conjurations
  4326 | D:5      | Entered Level 5 of the Dungeon
  4332 | D:5      | Reached skill level 6 in Fire Magic
  4383 | D:5      | Shot with an arrow by a centaur

Vault maps used:
D:1:      dpeg_arrival_round_b
D:2:      serial_forest, infiniplex_forest_lined_2,
          infiniplex_forest_straight_3, infiniplex_forest_lined_room_,
          infiniplex_forest_lined_room_2
D:3:      serial_bayou_lake_a
D:4:      minmay_temple_entry_hall, first_ration
D:5:      uniq_grinder, uniq_prince_ribbit1, uniq_eustachio
Temple:   dpeg_three_leaves_temple

Skill      XL: |  1  2  3  4  5  6  7 |
---------------+----------------------+-----
Conjurations   | 2 3 4 5 |  5.2
Fighting       | 1 2 |  2.0
Fire Magic     | 4 5 6 |  6.1
Dodging        | 3 |  3.0
Spellcasting   | 3 4 |  4.6
Stealth        | |  2.1

Action                   |  1- 3 |  4- 6 |  7- 9 || total
-------------------------+-------+-------+-------++-------
Melee: Dagger            |     1 |       |       ||     1
       Unarmed           |     1 |       |       ||     1
       Short sword       |    16 |       |       ||    16
       Kick              |     5 |    21 |     3 ||    29
       Peck              |     2 |     9 |     1 ||    12
       Falchion          |       |    96 |    11 ||   107
 Cast: Flame Tongue      |    39 |    34 |     8 ||    81
       Sticky Flame      |       |       |     1 ||     1
  Use: Potion            |     4 |     3 |       ||     7
       Scroll            |     3 |     6 |     2 ||    11
 Stab: Sleeping          |     3 |     3 |     1 ||     7
  Eat: Chunk             |     2 |     8 |     2 ||    12
Armor: Robe              |     4 |    27 |     3 ||    34
Dodge: Dodged            |    19 |    65 |     5 ||    89
       Rpst.: Falchion   |       |    19 |     2 ||    21

Table legend:
 A = Spawn XP
 B = Non-spawn XP
 C = Spawn XP percentage of total XP
 D = Spawn monster count
 E = Non-spawn monster count
 F = Spawn count percentage of total count
 G = Total turns spent on level
                    A         B        C        D         E        F      G
               +---------+---------+-------+---------+---------+-------+---------
         Total |       0 |    1048 |   0.0 |       0 |      79 |   0.0 |  4383
               +---------+---------+-------+---------+---------+-------+---------
           D:1 |       0 |      27 |   0.0 |       0 |      19 |   0.0 |  1310
           D:2 |       0 |     132 |   0.0 |       0 |      20 |   0.0 |  1124
           D:3 |       0 |     108 |   0.0 |       0 |      26 |   0.0 |   849
           D:4 |       0 |     648 |   0.0 |       0 |      13 |   0.0 |   978
           D:5 |       0 |     133 |   0.0 |       0 |       1 |   0.0 |    57
               +---------+---------+-------+---------+---------+-------+---------
